AoeStats
← 🅡🅐🅨🅖🅞🅝

Hideout

508482571Analyzed
1v1 RM · 9d ago on Sep 22, 2026· 65m 55s· 2 players
Game mode
Random Map
Map size
Tiny (2 player)
Population
200
Speed
Normal
Resources
Standard
Victory
Conquest
Starting age
Dark Age
Ending age
Imperial Age
RankedLock teamsTeams togetherTeam positionsShared explorationLock speedFull tech treeHidden civsTurbo modeCheats
Victory
Defeat
🇩🇰 Khmer · Denmark
697
+37
🇹🇷 Japanese · Türkiye
753
-46
🅡🅐🅨🅖🅞🅝
10:41 Feudal Age
11:14 Double-Bit Axe
15:03 Horse Collar
20:38 Castle Age
18:43 Gold Mining
18:58 Stone Mining
21:28 Bow Saw
21:57 Gold Shaft Mining
21:30 Heavy Plow
23:41 Stone Shaft Mining
22:32 Crossbowman
23:24 Padded Archer Armor
23:14 Fletching
26:06 Leather Archer Armor
25:47 Bodkin Arrow
28:04 Scale Mail Armor
28:15 Forging
31:04 Imperial Age
31:19 Iron Casting
31:00 Chain Mail Armor
32:29 Crop Rotation
35:40 Pikeman
36:55 Ring Archer Armor
36:25 Bracer
37:25 Blast Furnace
35:58 Arbalester
39:19 Wheelbarrow
38:31 Loom
38:31 Town Watch
39:13 Capped Ram
41:06 Hand Cart
41:00 Town Patrol
42:00 Ballistics
41:51 Masonry
47:43 Siege Ram
52:02 Halberdier
darknord2605
1:04 Loom
10:47 Feudal Age
11:25 Double-Bit Axe
13:00 Wheelbarrow
14:25 Town Watch
15:06 Horse Collar
20:53 Castle Age
21:54 Heavy Plow
22:14 Bow Saw
22:56 Stone Mining
22:57 Gold Mining
23:34 Gold Mining
24:41 Coinage
25:19 Hand Cart
33:38 Imperial Age
32:06 Forging
31:56 Scale Mail Armor
32:55 Scale Mail Armor
33:25 Gambesons
33:40 Squires
33:26 Arson
37:25 Elite Samurai
40:15 Thumb Ring
39:30 Crossbowman
39:37 Man-at-Arms
39:38 Pikeman
41:53 Fervor
42:19 Husbandry
41:40 Cavalier
Connection lost

Rejoining the realm…

Still unreachable

The connection could not be restored.

Session expired

The server has moved on; the page needs a fresh start.